 Dungeon Crawl Stone Soup version 0.22-a0-433-gd2a9cce (webtiles) character file.

1322 Malacante the Blocker (level 8, -12/64 HPs)
             Began as a Formicid Fighter on May 27, 2018.
             Was a Follower of Nemelex Xobeh.
             Killed from afar by Ijyb (18 damage)
             ... with a wand of acid (7)
             ... on level 5 of the Dungeon.
             The game lasted 00:11:17 (5699 turns).

Malacante the Blocker (Formicid Fighter)            Turns: 5699, Time: 00:11:18

Health: -12/64     AC:  0    Str: 23    XL:     8   Next: 90%
Magic:  17/17      EV:  9    Int:  8    God:    Nemelex Xobeh [*.....]
Gold:   232        SH: 11    Dex: 10    Spells: 7/7 levels left

rFire    . . .     SeeInvis +   a - +0 quarterstaff
rCold    . . .     Gourm    .   w - +0 shield
rNeg     . . .     Faith    .   b - +0 scale mail
rPois    .         Spirit   .   (helmet unavailable)
rElec    .         Reflect  .   (no cloak)
rCorr    .         Harm     .   p - +0 pair of gloves
MR       .....                  (no boots)
Stlth    ..........             i - amulet of magic regeneration
HPRegen  0.20/turn              s - ring of magical power
MPRegen  0.40/turn              (no ring)

@: corroded
A: permanent stasis, dig shafts and tunnels, four strong arms, antennae 3
a: Dig, Shaft Self, Renounce Religion


You were on level 5 of the Dungeon.
You worshipped Nemelex Xobeh.
Nemelex Xobeh was aware of your devotion.
You were very hungry.

You visited 2 branches of the dungeon, and saw 6 of its levels.

You collected 232 gold pieces.

Inventory:

Hand Weapons
 a - a +0 quarterstaff (weapon)
Missiles
 k - 73 stones (quivered)
Armour
 b - a +0 scale mail (worn)
 p - a +0 pair of gloves (worn)
 w - a +0 shield (worn)
Jewellery
 i - an amulet of magic regeneration (around neck)
 n - an uncursed amulet of guardian spirit {unknown}
 s - a ring of magical power (left hand)
Wands
 g - a wand of flame (15)
 u - a wand of enslavement (7)
Scrolls
 l - a scroll of remove curse
 m - 2 scrolls of fog
 x - 4 scrolls of identify
 y - a scroll of enchant weapon {unknown}
Potions
 c - 5 potions of brilliance
 e - 2 potions of cancellation
 h - 2 potions of heal wounds
 j - a potion of magic {unknown}
 o - 4 potions of curing {unknown}
 q - a potion of resistance {unknown}
 t - a potion of lignification {unknown}
 v - a potion of invisibility {unknown}
Miscellaneous
 d - a plain deck of escape {drawn: 2}
Comestibles
 f - 11 rations


   Skills:
 + Level 6.1 Fighting
 - Level 6.2 Staves
 - Level 3.2 Armour
 - Level 9.0 Shields


You had 7 spell levels left.
You didn't know any spells.
Your spell library was empty.

Dungeon Overview and Level Annotations

Branches:
Dungeon (5/15)             Temple (1/1) D:4

Altars:
Ashenzari
Cheibriados
Dithmenos
Fedhas
Gozag
Hepliaklqana
Kikubaaqudgha
Makhleb
Nemelex Xobeh
Okawaru
Qazlal
Ru
Sif Muna
Trog
Uskayaw
Vehumet
Wu Jian
Xom
Yredelemnul
Zin
The Shining One

Annotations:
D:5 Ijyb


Innate Abilities, Weirdness & Mutations

You cannot be hasted, slowed, berserked, paralysed or teleported.
You can dig through walls and to a lower floor.
Your four strong arms can wield two-handed weapons with a shield.
You have a pair of large antennae on your head. (SInv)


Message History

The bolt of acid misses you.
You hit Ijyb but do no damage.
Ijyb is heavily wounded.
Ijyb zaps a wand.
The bolt of acid hits you! The acid corrodes you!
You are splashed with acid!
The acid burns!
* * * LOW HITPOINT WARNING * * *
You hit Ijyb but do no damage.
Ijyb is heavily wounded.
Ijyb hits you.
* * * LOW HITPOINT WARNING * * *
That item cannot be evoked!
Unknown command.
Evoke which item? (* to show all) (? for menu, Esc to quit)
You draw a card...
It is the Elixir.
You begin rapidly regenerating magic.
You block Ijyb's attack.
Are you sure you want to shaft yourself?
You are feeling very hungry.
Ijyb zaps a wand.
The bolt of acid hits you!
You die...
Your body disappears without a glow.

#.....#....#.....# . { {
#.....###..#.....#####..
##......#..##...........
#......#...'...(..<.... {{
#......#...#..[........
#......#...#.........##
####+##......#####.........#
#.........#####.......#######
#.........#.§§g@......#
#.........#.§>#.......#
#.........#.§.#.......#
#.........#...#.......#
#.........#...#....)..# #####
+.........#...#.......# #....
##.|.......#...#.......#
#....
..)........#...#.......#
#.... ..)........# #.......#
#....


You could see Ijyb.

Vanquished Creatures
  Pikel (D:4)
  Grinder (D:4)
  Menkaure (D:5)
  A sky beast (D:5)
  A slave (D:4)
  A phantom (D:4)
  A scorpion (D:5)
  A quasit (D:5)
  A gnoll shaman (D:5)
  A centaur skeleton (D:4)
  A worker ant (D:4)
  9 gnolls
  7 adders
  3 oozes
  An adder skeleton (D:5)
  A worm (D:3)
  3 leopard geckos
  An orc (D:2)
  2 ball pythons
  4 bats
  5 giant cockroaches
  5 goblins
  4 hobgoblins
  4 jackals
  2 quokkas
  5 frilled lizards
  3 kobolds
  9 rats
79 creatures vanquished.

Vanquished Creatures (others)
  An adder (D:4)
1 creature vanquished.

Grand Total: 80 creatures vanquished

Notes
Turn   | Place    | Note
-------+----------+-------------------------------------------
     0 | D:1      | Malacante the Formicid Fighter began the quest for the Orb.
     0 | D:1      | Reached XP level 1. HP: 18/18 MP: 1/1
   107 | D:1      | Reached XP level 2. HP: 24/24 MP: 2/2
   841 | D:2      | Reached XP level 3. HP: 17/29 MP: 3/3
  1208 | D:2      | Found a faded altar of an unknown god.
  1533 | D:2      | Reached XP level 4. HP: 28/35 MP: 4/4
  1985 | D:2      | Reached XP level 5. HP: 33/41 MP: 5/5
  2217 | D:2      | Reached skill level 5 in Staves
  3158 | D:4      | Found a staircase to the Ecumenical Temple.
  3178 | Temple   | Entered the Ecumenical Temple
  3366 | Temple   | Became a worshipper of Nemelex Xobeh the Trickster
  3435 | D:4      | Noticed a phantom
  3454 | D:4      | Killed a phantom
  3454 | D:4      | Reached XP level 6. HP: 31/47 MP: 6/6
  3784 | D:4      | Reached skill level 4 in Shields
  3876 | D:4      | Noticed Grinder
  3888 | D:4      | Killed Grinder
  3888 | D:4      | Reached skill level 6 in Shields
  3888 | D:4      | Reached XP level 7. HP: 30/52 MP: 7/7
  4110 | D:4      | Noticed Pikel
  4146 | D:4      | Killed Pikel
  4146 | D:4      | Reached skill level 8 in Shields
  4146 | D:4      | Reached XP level 8. HP: 12/58 MP: 8/8
  4452 | D:4      | Received a gift from Nemelex Xobeh
  4833 | D:5      | Entered Level 5 of the Dungeon
  4898 | D:5      | Reached skill level 9 in Shields
  5039 | D:5      | Reached * piety under Nemelex Xobeh
  5047 | D:5      | Noticed Menkaure
  5071 | D:5      | Killed Menkaure
  5071 | D:5      | Reached skill level 5 in Fighting
  5684 | D:5      | Noticed Ijyb
  5699 | D:5      | Killed from afar by Ijyb

Vault maps used:
D:1:      onia_arrival_pyramid, minmay_misc_feat_tiny
D:2:      first_ration, chequers_ecumenical_altar_island,
          minmay_stone_trees_medium, grunt_ministairs_13
D:3:      serial_glass, glass_columns_c, glass_columns_b
D:4:      temple_fountains, uniq_grinder, uniq_pikel
D:5:      uniq_menkaure, uniq_ijyb
Temple:   kilobyte_greek_temple

Skill      XL: |  1  2  3  4  5  6  7  8 |
---------------+-------------------------+-----
Staves         | 3 4 6 |  6.2
Shields        | 6 8 9 |  9.0
Fighting       | 6 |  6.1
Armour         | |  3.2

Action                   |  1- 3 |  4- 6 |  7- 9 || total
-------------------------+-------+-------+-------++-------
Melee: Quarterstaff      |    88 |   107 |   136 ||   331
Throw: Stone             |     1 |     1 |    19 ||    21
 Abil: Shaft Self        |       |       |     1 ||     1
Evoke: Deck              |       |       |     2 ||     2
  Use: Scroll            |     4 |       |     6 ||    10
       Potion            |       |     1 |     3 ||     4
  Eat: Chunk             |     2 |     6 |     3 ||    11
       Ration            |       |     1 |       ||     1
Armor: Scale mail        |    43 |    44 |    61 ||   148
Dodge: Dodged            |    40 |    38 |    43 ||   121
Block: Shield            |       |       |    53 ||    53

Table legend:
 A = Spawn XP
 B = Non-spawn XP
 C = Spawn XP percentage of total XP
 D = Spawn monster count
 E = Non-spawn monster count
 F = Spawn count percentage of total count
 G = Total turns spent on level
                    A         B        C        D         E        F      G
               +---------+---------+-------+---------+---------+-------+---------
         Total |       0 |    1889 |   0.0 |       0 |      78 |   0.0 |  5699
               +---------+---------+-------+---------+---------+-------+---------
           D:1 |       0 |      22 |   0.0 |       0 |      14 |   0.0 |   842
           D:2 |       0 |     153 |   0.0 |       0 |      29 |   0.0 |  1628
           D:3 |       0 |      38 |   0.0 |       0 |      11 |   0.0 |   884
           D:4 |       0 |    1109 |   0.0 |       0 |       8 |   0.0 |  1250
           D:5 |       0 |     567 |   0.0 |       0 |      16 |   0.0 |   866
               +---------+---------+-------+---------+---------+-------+---------
